 Dungeon Crawl Stone Soup version 0.25.0-11-g1f837a76a1 (webtiles) character file.

Game seed: 14631940092023726334

34363 Aviak the Unseen (level 13, -1/67 HPs)
             Began as a Spriggan Skald on June 26, 2020.
             Was an Initiate of Gozag.
             Slain by a death yak (24 damage)
             ... led by a torpor snail
             ... on level 6 of the Lair of Beasts.
             The game lasted 00:38:53 (23665 turns).

Aviak the Unseen (Spriggan Skald)                  Turns: 23665, Time: 00:38:54

Health: -1/67      AC:  5    Str:  7    XL:     13   Next: 41%
Magic:  5/20       EV: 32    Int: 16    God:    Gozag
Gold:   2412       SH:  5    Dex: 17    Spells: 11/20 levels left

rFire    + . .     SeeInvis +   I - +4 dagger (speed)
rCold    . . .     Gourm    .   (shield restricted)
rNeg     . . .     Faith    .   b - +0 robe
rPois    .         Spirit   .   O - +2 hat
rElec    .         Reflect  +   D - +0 cloak
rCorr    .         Harm     .   (gloves unavailable)
MR       ++...                  (boots unavailable)
Stlth    ++++++++++             P - amulet of reflection
HPRegen  0.21/turn              F - ring of protection from fire
MPRegen  0.17/turn              L - ring of Shadows {Umbra +Inv Stlth+}

@: very slightly contaminated, wreathed by umbra, very quick
A: very small, unfitting armour, claws 1, see invisible, dopey 1, herbivore,
speed 3, mutation resistance 1, slow metabolism 2
a: Potion Petition, Call Merchant, Bribe Branch, Renounce Religion, Evoke
Invisibility


You were on level 6 of the Lair of Beasts.
You worshipped Gozag.
Gozag was most pleased with you.
You were not hungry.

You visited 3 branches of the dungeon, and saw 19 of its levels.

You collected 3170 gold pieces.
You spent 652 gold pieces at shops.
You paid 106 gold pieces to Gozag.

Inventory:

Hand Weapons
 I - a +4 dagger of speed (weapon)
Armour
 b - a +0 robe (worn)
 D - a +0 cloak (worn)
 O - a +2 hat (worn)
Jewellery
 o - an uncursed ring of flight
 q - an uncursed amulet of guardian spirit
 z - a +6 ring of dexterity
 F - a ring of protection from fire (left claw)
 L - the ring of Shadows (right claw) {Umbra +Inv Stlth+}
   (You bought it in a shop on level 6 of the Dungeon)

   [ring of stealth]

   It lets you turn invisible.
   It makes you more stealthy.
 M - an uncursed amulet of the acrobat
 P - an amulet of reflection (around neck)
Wands
 f - a wand of flame (30)
 h - a wand of enslavement (16)
 u - a wand of acid (1)
 y - a wand of polymorph (6)
 A - a wand of iceblast (12)
 N - a wand of random effects (36)
Scrolls
 g - 2 scrolls of fog
 j - 5 scrolls of magic mapping
 l - 3 scrolls of enchant weapon
 r - 10 scrolls of remove curse
 s - 3 scrolls of immolation
 t - 13 scrolls of teleportation
 v - 4 scrolls of enchant armour
 w - 2 scrolls of brand weapon
 x - 4 scrolls of blinking
 C - 2 scrolls of fear
 G - 3 scrolls of amnesia {unknown}
 J - a scroll of holy word {unknown}
 K - 2 scrolls of vulnerability {unknown}
 R - a scroll of noise {unknown}
Potions
 a - a potion of flight
 c - a potion of curing
 e - 5 potions of stabbing
 k - 4 potions of might
 m - 2 potions of invisibility
 n - a potion of ambrosia
 p - 2 potions of mutation {!q}
 B - a potion of brilliance
 H - a potion of haste
 S - a potion of degeneration {unknown}
Comestibles
 d - 9 rations


   Skills:
 + Level 7.4 Fighting
 + Level 9.7 Short Blades
 - Level 16.6 Dodging
 - Level 20.5 Stealth
 + Level 4.1 Spellcasting
 + Level 2.6 Hexes
 - Level 6.0 Charms
 - Level 2.0 Ice Magic


You had 11 spell levels left.
You knew the following spells:

 Your Spells              Type           Power        Failure   Level  Hunger
a - Infusion              Chrm           ###.         1%          1    None
b - Song of Slaying       Chrm           ###.....     2%          2    ##.....
c - Ozocubu's Armour      Chrm/Ice       ###.....     10%         3    ###....
d - Spectral Weapon       Hex/Chrm       ###.....     9%          3    ###....

Your spell library contained the following spells:

 Spells                   Type           Power        Failure   Level  Hunger
 Corona                   Hex            ##.....      6%          1    None
 Shroud of Golubria       Chrm/Tloc      ##....       8%          2    ##.....
 Slow                     Hex            ##......     9%          2    ##.....
 Animate Skeleton         Necr           N/A          17%         1    None
 Apportation              Tloc           #.....       17%         1    None
 Magic Dart               Conj           #...         17%         1    None
 Sandblast                Erth           #.....       17%         1    None
 Summon Small Mammal      Summ           #...         17%         1    None
 Blink                    Tloc           N/A          26%         2    ##.....
 Call Imp                 Summ           #.......     26%         2    ##.....
 Passwall                 Tmut/Erth      #.......     26%         2    ##.....
 Searing Ray              Conj           #.....       26%         2    ##.....
 Sublimation of Blood     Necr           #.........   26%         2    ##.....
 Summon Guardian Golem    Hex/Summ       #.......     28%         3    ###....
 Call Canine Familiar     Summ           #.......     45%         3    ###....
 Conjure Flame            Conj/Fire      #.......     45%         3    ###....
 Mephitic Cloud           Conj/Pois/Air  #.......     45%         3    ###....
 Stone Arrow              Conj/Erth      #.....       45%         3    ###....
 Summon Ice Beast         Ice/Summ       #.......     73%         4    ####...
 Petrify                  Tmut/Erth      #.......     86%         4    ####...
 Summon Lightning Spire   Summ/Air       #.......     86%         4    ####...
 Silence                  Hex/Air        #.........   95%         5    ######.
 Lee's Rapid Deconstruct  Erth           #.........   99%         5    ######.
 Conjure Ball Lightning   Conj/Air       #.........   100%        6    #######
 Tornado                  Air            #.........   100%        9    #######


Dungeon Overview and Level Annotations

Branches:
Dungeon (12/15)            Temple (1/1) D:7            Lair (6/6) D:9
  Swamp (0/4) Lair:3       Spider (0/4) Lair:4        Slime (0/5) Lair:5
    Orc: D:9-12

Altars:
Ashenzari
Cheibriados
Dithmenos
Elyvilon
Fedhas
Gozag
Hepliaklqana
Kikubaaqudgha
Makhleb
Nemelex Xobeh
Okawaru
Qazlal
Ru
Sif Muna
Trog
Uskayaw
Vehumet
Wu Jian
Xom
Yredelemnul
Zin
The Shining One
Beogh

Shops:
D:6 [=!(*   D:9 =

Annotations:
D:7 3 runed translucent doors, Jaiteiro's ghost, novice MiFi


Innate Abilities, Weirdness & Mutations

You are very small and have problems with some larger weapons.
You are too small for most types of armour.
You have supernaturally acute eyesight. (SInv)
You are a herbivore.
You cover ground extremely quickly.
You need to consume almost no food.
You have sharp fingernails.
You are dopey. (Int -2)
You are somewhat resistant to further mutation.


Message History

Your spectral weapon hits the death yak but does no damage.
You barely miss the death yak.
The death yak is lightly wounded.
Your spectral weapon hits the death yak.
You hit the death yak but do no damage.
The death yak is lightly wounded.
Your spectral weapon barely misses the death yak.
You block the death yak's attack.
You barely miss the death yak.
The death yak is lightly wounded.
Your spectral weapon hits the death yak but does no damage.
You hit the death yak but do no damage.
The death yak is lightly wounded.
Your spectral weapon hits the death yak.
You barely miss the death yak.
The death yak is moderately wounded.
Your spectral weapon hits the death yak but does no damage.
The death yak gores you!!
You die...
Your body crumbles into a pile of gold.

#P... ...# #...#
...# ##... #..#
#.... ##.P# #####
....##### #...##.#
#......###
#@($.....# ###
#.Y#.#..######.###
###......#.##.#...
##...$.$##$#....
###..$.........
#.#.$###...##
#.######..#$##..#.#
...........####..##
.#...#..$.......P#


You could see a death yak and a friendly spectral +4 dagger of speed.

Vanquished Creatures
  Rupert (Lair:3)
  A death yak (Lair:6)
  2 two-headed ogres
  An unseen horror (D:10)
  Pikel (D:9)
  2 deep elf magi (D:9)
  6 elephants (Lair:6)
  Psyche (D:10)
  2 black mambas
  A centaur skeleton (D:10)
  12 spiny frogs
  A gargoyle (D:11)
  2 rime drakes
  3 komodo dragons
  A polar bear (Lair:5)
  7 dream sheep (Lair:5)
  7 hippogriffs
  17 blink frogs
  A wyvern (Lair:5)
  19 yaks
  Grum (D:9)
  3 vampire mosquitoes (Lair:6)
  A steam dragon (D:10)
  2 basilisks
  A human (D:8)
  15 water moccasins
  2 porcupines
  5 sky beasts
  A swamp drake (D:11)
  2 ice beasts
  9 orc warriors
  A black bear (Lair:3)
  7 ogres
  9 wolves
  An eye of draining (D:10)
  A necrophage (D:10)
  2 centaurs
  11 crocodiles
  A big kobold (D:8)
  23 bullfrogs
  Blork the orc (D:6)
  2 wyvern zombies
  6 scorpions
  5 killer bees (D:8)
  3 wights (D:8)
  2 howler monkeys (D:11)
  2 bullfrog zombies
  5 crimson imps
  3 centaur zombies
  7 hounds
  A bullfrog skeleton (D:10)
  A gnoll shaman (D:3)
  4 orc priests
  2 jellies (Lair:5)
  2 iron imps
  An iguana (D:8)
  17 orc wizards
  4 worker ants
  A killer bee zombie (D:4)
  A hound skeleton (D:4)
  A howler monkey zombie (D:6)
  5 adders
  6 gnolls
  A howler monkey skeleton (D:8)
  2 shadow imps
  A white imp (D:9)
  4 oozes
  2 adder skeletons
  5 worms
  4 dart slugs
  6 leopard geckos
  73 orcs
  2 ball pythons
  A bat (D:1)
  8 giant cockroaches
  6 goblins
  8 hobgoblins
  12 jackals
  11 kobolds
  2 quokkas
  2 frilled lizards
  A quokka skeleton (D:8)
  8 rats
427 creatures vanquished.

Vanquished Creatures (others)
  Sonja (Lair:5)
  A spiny frog (Lair:5)
  A yak (D:9)
  4 slaves (D:9)
  A centaur (D:9)
  A centaur skeleton (D:9)
  16 fungi
  52 plants (Lair:6)
  2 spectral weapons (Lair:6)
79 creatures vanquished.

Grand Total: 506 creatures vanquished

Notes
Turn   | Place    | Note
-------+----------+-------------------------------------------
     0 | D:1      | Aviak the Spriggan Skald began the quest for the Orb.
     0 | D:1      | Reached XP level 1. HP: 10/10 MP: 5/5
    73 | D:1      | Reached skill level 1 in Stealth
   152 | D:1      | Reached XP level 2. HP: 12/14 MP: 0/7
   318 | D:1      | Reached skill level 2 in Stealth
   664 | D:2      | Reached XP level 3. HP: 13/18 MP: 6/8
   911 | D:2      | Reached skill level 3 in Stealth
  1426 | D:2      | Reached skill level 5 in Dodging
  1852 | D:2      | Reached XP level 4. HP: 22/22 MP: 3/9
  1856 | D:2      | Learned a level 2 spell: Song of Slaying
  1860 | D:2      | Learned a level 3 spell: Ozocubu's Armour
  1994 | D:3      | Reached skill level 4 in Stealth
  3187 | D:3      | Reached skill level 5 in Charms
  3187 | D:3      | Reached XP level 5. HP: 15/25 MP: 0/10
  3368 | D:4      | Reached skill level 5 in Stealth
  3967 | D:4      | Reached XP level 6. HP: 13/30 MP: 3/11
  4380 | D:5      | Entered Level 5 of the Dungeon
  4447 | D:5      | Reached skill level 6 in Stealth
  4599 | D:5      | Noticed an ice beast
  4636 | D:5      | Killed an ice beast
  4636 | D:5      | Reached skill level 7 in Stealth
  5035 | D:6      | Found Ijeydduk's Distillery.
  5043 | D:6      | Bought a potion of heal wounds for 55 gold pieces
  5092 | D:6      | Reached XP level 7. HP: 33/33 MP: 12/12
  5197 | D:6      | Noticed Blork the orc
  5210 | D:6      | Killed Blork the orc
  5349 | D:6      | Found Karhupus's Jewellery Shop.
  5376 | D:6      | Found Orchutos's Weapon Shoppe.
  5384 | D:6      | Found a sacrificial altar of Ru.
  5509 | D:6      | Reached skill level 8 in Stealth
  5906 | D:6      | Reached skill level 1 in Ice Magic
  5970 | D:6      | Found Ykhlaq's General Store.
  5973 | D:6      | Bought a wand of iceblast (5) for 99 gold pieces
  6082 | D:6      | Reached skill level 9 in Stealth
  6441 | D:6      | Found Biosics's Armour Shop.
  6449 | D:6      | Bought a +0 cloak for 58 gold pieces
  6913 | D:7      | Reached XP level 8. HP: 28/37 MP: 5/13
  6921 | D:7      | Found a runed translucent gate.
  6921 | D:7      | Found a runed translucent gate.
  6921 | D:7      | Found a runed translucent gate.
  7247 | D:7      | Reached skill level 10 in Stealth
  7469 | D:7      | Found a staircase to the Ecumenical Temple.
  7478 | Temple   | Entered the Ecumenical Temple
  7755 | Temple   | Became a worshipper of Gozag Ym Sagoz the Greedy
  7784 | D:7      | Reached skill level 10 in Dodging
  7878 | D:7      | Noticed Jaiteiro's ghost (novice MiFi)
  8055 | D:7      | Reached skill level 11 in Stealth
  8701 | D:8      | Found a snail-covered altar of Cheibriados.
  8926 | D:8      | Reached skill level 12 in Stealth
  8926 | D:8      | Reached XP level 9. HP: 41/41 MP: 14/14
  8989 | D:8      | Noticed a two-headed ogre
  9013 | D:8      | Killed a two-headed ogre
  9013 | D:8      | Reached skill level 13 in Stealth
  9788 | D:8      | Reached skill level 14 in Stealth
 10210 | D:6      | Bought the ring of Shadows {Umbra +Inv Stlth+} for 440 gold
                  | pieces
 10210 | D:6      | Found the ring of Shadows {Umbra +Inv Stlth+}
 10279 | D:9      | Noticed a two-headed ogre
 10313 | D:9      | Killed a two-headed ogre
 10313 | D:9      | Reached XP level 10. HP: 14/46 MP: 1/15
 10579 | D:9      | Noticed Pikel
 10652 | D:9      | Killed Pikel
 10652 | D:9      | Reached skill level 15 in Stealth
 10789 | D:9      | Found a radiant altar of Vehumet.
 10872 | D:9      | Noticed Grum
 10890 | D:9      | Killed Grum
 10934 | D:9      | Gained mutation: You have sharp fingernails. [potion of
                  | mutation]
 10934 | D:9      | Gained mutation: You are dopey. (Int -2) [potion of
                  | mutation]
 10934 | D:9      | Gained mutation: You are somewhat resistant to further
                  | mutation. [potion of mutation]
 11384 | D:9      | Reached skill level 15 in Dodging
 11583 | D:9      | Reached skill level 16 in Stealth
 11792 | D:9      | Noticed a deep elf mage
 11795 | D:9      | Killed a deep elf mage
 11802 | D:9      | Noticed a deep elf mage
 11805 | D:9      | Killed a deep elf mage
 11946 | D:9      | Found a staircase to the Lair.
 12112 | D:9      | Reached XP level 11. HP: 49/49 MP: 0/16
 12323 | D:9      | Reached skill level 17 in Stealth
 12503 | D:9      | Found Bikhle's Jewellery Emporium.
 12655 | D:10     | Entered Level 10 of the Dungeon
 12655 | D:10     | Noticed an unseen horror
 12659 | D:10     | Killed an unseen horror
 12663 | D:10     | Noticed Psyche
 12685 | D:10     | Killed Psyche
 12784 | D:10     | Found a basalt altar of Yredelemnul.
 12933 | D:10     | Found a roughly hewn altar of Beogh.
 13784 | D:10     | Found a hide-covered altar of Uskayaw.
 14194 | D:11     | Reached skill level 18 in Stealth
 16590 | Lair:1   | Entered Level 1 of the Lair of Beasts
 16900 | Lair:1   | Reached skill level 5 in Short Blades
 16908 | Lair:1   | Identified The Arcane Arts, Part Two
 17531 | Lair:2   | Reached XP level 12. HP: 58/58 MP: 17/17
 18256 | Lair:3   | Found a staircase to the Swamp.
 18581 | Lair:3   | Reached skill level 19 in Stealth
 18703 | Lair:3   | Noticed Rupert
 18710 | Lair:3   | Killed Rupert
 18710 | Lair:3   | Reached skill level 5 in Fighting
 19253 | Lair:4   | Found a hole to the Spider Nest.
 20738 | Lair:5   | Found a staircase to the Slime Pits.
 20746 | Lair:5   | Noticed Sonja
 20784 | Lair:5   | Killed Sonja
 21387 | Lair:5   | Reached skill level 20 in Stealth
 22110 | Lair:6   | Entered Level 6 of the Lair of Beasts
 22387 | Lair:6   | Reached XP level 13. HP: 57/66 MP: 18/18
 23040 | Lair:5   | Learned a level 3 spell: Spectral Weapon
 23573 | Lair:6   | Reached skill level 1 in Hexes
 23665 | Lair:6   | Slain by a death yak

Illustrated notes

Levels and vault maps discovered:
D:1:      beargit_arrival_greenhouse, layout_basic
D:2:      layout_basic, kennysheep_generic_room_15
D:3:      layout_rooms
D:4:      layout_loops_ring
D:5:      layout_cave_pools, first_ration, kennysheep_generic_room_7
D:6:      layout_basic, basic_altar, serial_shops, kennysheep_mini_moat, shop,
          shop, kennysheep_mini, shop, chequers_serial_rivers_micro_c,
          uniq_blork_the_orc
D:7:      layout_basic, minmay_temple_entry_stoned_glass, gammafunk_ghost_icy
D:8:      layout_rooms, slow_altar_1, special_room [special_room_orc],
          grunt_pizzeria
D:9:      layout_irregular_city, david_lair_generic, serial_shops,
          nicolae_shop_stone, basic_altar, hangedman_minor_magic, uniq_pikel,
          uniq_grum
D:10:     layout_roguey, special_room [special_room_orc],
          hangedman_feature_mirror, uniq_psyche
D:11:     layout_roguey
D:12:     layout_roguey, orc_0_dummy, serial_ice, serial_ice_o, serial_ice_m,
          serial_ice_j, serial_ice_e, serial_ice_n, serial_ice_f, serial_ice_c,
          serial_ice_h, portal_ice_cave_demonic_guard
Temple:   roderic_octagonal_lattice_temple
Lair:1:   layout_gridlike, serial_bayou_shore_a, lemuel_fruit_tree
Lair:2:   layout_long_grid, chequers_serial_rivers_micro_b
Lair:3:   layout_roguey, swamp_mist_pool, uniq_rupert
Lair:4:   layout_regular_city, dummy_spider_entry, chequers_serial_rivers_room_a
Lair:5:   layout_hall_layers, nicolae_slime_entry_slimehenge, uniq_sonja
Lair:6:   minmay_lair_end_frog_pond, layout_loops_ring

Skill      XL: |  1  2  3  4  5  6  7  8  9 10 11 12 13 |
---------------+----------------------------------------+-----
Stealth        | 1 2 3 4 5 7 9 12 14 16 18 20 | 20.5
Spellcasting   | 3 4 |  4.1
Dodging        | 4 5 6 7 9 11 13 15 16 | 16.6
Charms         | 5 6 |  6.0
Ice Magic      | 1 2 |  2.0
Fighting       | 4 6 7 |  7.4
Short Blades   | 5 8 9 |  9.7
Hexes          | 2 |  2.6

Action                   |  1- 3 |  4- 6 |  7- 9 | 10-12 | 13-15 || total
-------------------------+-------+-------+-------+-------+-------++-------
Melee: Short sword       |   115 |   212 |   117 |       |       ||   444
       Dagger            |       |       |   426 |  1556 |   427 ||  2409
 Cast: Infusion          |    11 |    15 |    25 |    40 |     4 ||    95
       Ozocubu's Armour  |       |     1 |    12 |    14 |     2 ||    29
       Song of Slaying   |       |       |     1 |    15 |     5 ||    21
       Spectral Weapon   |       |       |       |       |     3 ||     3
Evoke: Wand              |       |     1 |    10 |    11 |     2 ||    24
  Use: Scroll            |     6 |     1 |     5 |    10 |       ||    22
       Potion            |       |     3 |     2 |     5 |     3 ||    13
 Stab: Sleeping          |    10 |     7 |     8 |    71 |     7 ||   103
       Distracted        |       |       |     2 |    11 |     1 ||    14
       Invisible         |       |       |       |     5 |       ||     5
  Eat: Ration            |       |     1 |     4 |     9 |     1 ||    15
Armor: Robe              |     8 |     8 |    13 |    30 |     4 ||    63
       Skin              |       |       |       |    39 |       ||    39
Dodge: Dodged            |    74 |   164 |   385 |   883 |   157 ||  1663
Block: Other             |       |       |       |    33 |    28 ||    61
       Reflection        |       |       |       |     2 |       ||     2
